AoeStats
← ecerva.27

Arabia

509225243Analyzed
1v1 RM · 6d ago on Sep 26, 2026· 37m 36s· 2 players
Game mode
Random Map
Map size
Tiny (2 player)
Population
200
Speed
Normal
Resources
Standard
Victory
Conquest
Starting age
Dark Age
Ending age
Imperial Age
RankedLock teamsTeams togetherTeam positionsShared explorationLock speedFull tech treeHidden civsTurbo modeCheats
Victory
Defeat
🇲🇽 Inca · Mexico
1201
+13
🇲🇦 Britons · Morocco
1146
-13
OZA
6:44 Loom
9:56 Feudal Age
10:05 Man-at-Arms
16:08 Double-Bit Axe
19:56 Scale Mail Armor
22:50 Wheelbarrow
22:38 Forging
23:17 Wheelbarrow
28:08 Castle Age
26:14 Horse Collar
27:30 Arson
27:43 Gold Mining
28:11 Long Swordsman
28:37 Gambesons
29:39 Squires
30:16 Iron Casting
34:40 Chain Mail Armor
36:24 Husbandry
ecerva.27
5:06 Loom
9:29 Feudal Age
11:56 Champi Runner
19:27 Forging
19:49 Arson
22:03 Wheelbarrow
21:45 Scale Mail Armor
22:13 Double-Bit Axe
27:01 Castle Age
27:51 Squires
27:11 Champi Warrior
28:09 Chain Mail Armor
28:31 Horse Collar
30:12 Iron Casting
30:03 Heavy Plow
30:20 Fletching
34:20 Hand Cart
34:21 Bodkin Arrow
35:22 Gold Mining
35:43 Bow Saw
Connection lost

Rejoining the realm…

Still unreachable

The connection could not be restored.

Session expired

The server has moved on; the page needs a fresh start.